Map: Eternal Empire LE

Players

Rex

  • Race: Zerg Zerg
  • League: Master
  • Spawn Location: 1:00

Has - Winner!

  • Race: Protoss Protoss
  • Spawn Location: 7:00

Event: DreamHack SC2 Masters 2020 Fall

VOD

Have the link to the VOD?

Description

Time

  • Played on: Aug. 26, 2020, 9:05 a.m.
  • Length: 12:09

All games in this series

Show
View Real Time Build Order
Export as new Build Order

Rex Zerg 

Build Orders: Hatch First, Swarm Host 

Get SALT Encoding   

  12  0:00  Drone  
  13  0:12  Overlord  
  13  0:17  Drone  
  14  0:31  Drone x2  
  16  0:48  Hatchery  
  15  0:52  Drone  
  15  0:55  Drone  
  17  1:00  Drone  
  18  1:11  Extractor  
  17  1:17  Spawning Pool  
  16  1:19  Drone  
  16  1:22  Drone  
  18  1:28  Drone  
  19  1:49  Hatchery  
  19  1:53  Drone  
  19  1:56  Drone  
  19  2:01  Overlord  
  21  2:15  Metabolic Boost  
  21  2:19  Queen  
  23  2:25  Zergling x4  
  25  2:33  Drone  
  26  2:44  Hatchery  
  26  2:46  Drone  
  26  2:55  Queen  
  28  3:04  Drone x2  
  30  3:07  Drone  
  31  3:15  Drone x2  
  33  3:25  Drone, Overlord  
  34  3:30  Drone x2  
  36  3:48  Spine Crawler  
  35  3:49  Zergling x8  
  35  3:50  Queen  
  41  3:56  Overlord  
  41  3:57  Zergling x4  
  41  3:58  Queen  
  45  4:05  Drone x3  
  48  4:14  Queen  
  51  4:24  Drone x6  
  51  4:30  Spore Crawler  
  53  4:32  Spore Crawler  
  53  4:38  Drone x5  
  57  4:42  Overlord  
  57  4:47  Spore Crawler x2  
  57  4:48  Overlord  
  57  4:50  Lair  
  55  5:02  Drone x2  
  55  5:05  Extractor  
  55  5:06  Roach Warren, Overlord  
  55  5:11  Drone x6  
  61  5:14  Drone x2  
  61  5:18  Drone x2  
  64  5:24  Zergling x2  
  64  5:25  Zergling x6, Unknown  
  66  5:44  Queen  
  66  5:45  Queen  
  66  5:48  Roach  
  66  5:49  Overlord x2  
  72  5:51  Overlord  
  72  5:52  Overseer  
  74  6:04  Roach  
  74  6:05  Overlord x2  
  74  6:07  Overlord  
  73  6:12  Glial Reconstitution  
  73  6:13  Roach  
  73  6:14  Roach x6  
  87  6:19  Roach x3  
  87  6:21  Roach  
  87  6:23  Ravager  
  96  6:27  Roach x2  
  96  6:28  Roach  
  102  6:40  Zergling x10  
  105  6:48  Queen  
  105  6:49  Queen x2  
  111  6:59  Overlord x2  
  111  7:09  Overlord x3  
  111  7:11  Overlord x2  
  111  7:21  Drone x7  
  118  7:24  Infestation Pit  
  118  7:27  Drone x2  
  117  7:32  Drone  
  117  7:33  Drone  
  117  7:36  Drone  
  120  7:37  Extractor  
  120  7:38  Extractor  
  120  7:42  Drone  
  119  7:47  Drone x2  
  119  7:48  Hatchery  
  120  7:53  Queen x3  
  120  7:56  Drone x3  
  120  7:58  Drone x2  
  130  8:09  Overlord x2  
  130  8:11  Overlord  
  130  8:17  Infestor x3  
  135  8:31  Swarm Host  
  135  8:32  Swarm Host x6  
  155  8:41  Swarm Host x4  
  155  8:47  Swarm Host x2  
  167  8:52  Evolution Chamber  
  155  9:10  Hatchery  
  155  9:16  Nydus Network  
  153  9:26  Drone x5  
  151  9:43  Drone x3  
  131  9:55  Hatchery  
  106  10:07  Drone x8, Lair  
  106  10:10  Overlord x2  
  106  10:12  Swarm Host x2  
  118  10:30  Extractor  
  118  10:31  Extractor  
  118  10:34  Swarm Host x7  
  137  10:40  Hatchery  
  137  10:41  Nydus Canal  
  136  10:51  Unknown  
  115  11:13  Spore Crawler  
  115  11:14  Nydus Canal, Spore Crawler  
  103  11:22  Queen x3  
  103  11:23  Overlord x2  
  110  11:25  Drone x4  
  110  11:26  Drone  
Show
View Real Time Build Order
Export as new Build Order

Has Protoss - Winner!

Build Orders: Carriers 

Get SALT Encoding   

  12  0:00  Probe  
  13  0:12  Probe  
  14  0:20  Pylon  
  14  0:24  Probe (Chrono Boost)  
  15  0:40  Probe (Chrono Boost)  
  15  0:42  Forge  
  16  0:44  Probe (Chrono Boost)  
  17  0:58  Probe  
  18  1:13  Probe  
  19  1:20  Pylon x2  
  19  1:23  Pylon  
  19  1:25  Pylon x2, Probe  
  20  1:38  Photon Cannon  
  20  1:43  Pylon, Probe  
  21  1:51  Photon Cannon  
  21  1:58  Nexus, Probe  
  22  2:03  Gateway  
  22  2:10  Probe (Chrono Boost)  
  22  2:14  Photon Cannon  
  23  2:19  Assimilator  
  24  2:23  Probe (Chrono Boost)  
  24  2:25  Assimilator  
  24  2:28  Probe (Chrono Boost)  
  25  2:38  Probe (Chrono Boost)  
  26  2:50  Probe (Chrono Boost)  
  27  2:53  Cybernetics Core  
  27  2:57  Probe (Chrono Boost)  
  28  3:04  Probe (Chrono Boost)  
  29  3:11  Probe (Chrono Boost)  
  30  3:16  Probe (Chrono Boost)  
  32  3:20  Probe (Chrono Boost)  
  32  3:22  Probe (Chrono Boost)  
  32  3:25  Probe (Chrono Boost)  
  33  3:29  Stargate  
  33  3:30  Adept, Probe  
  33  3:31  Warp Gate (Chrono Boost)  
  33  3:33  Shield Battery  
  37  3:37  Probe  
  38  3:42  Probe  
  39  3:49  Gateway, Probe  
  39  3:50  Gateway  
  40  3:55  Probe, Pylon  
  40  4:00  Adept  
  40  4:01  Probe  
  44  4:04  Void Ray (Chrono Boost)  
  44  4:06  Pylon  
  44  4:08  Probe  
  45  4:15  Probe  
  50  4:20  Probe  
  50  4:22  Assimilator  
  50  4:23  Assimilator  
  50  4:27  Probe  
  51  4:32  Probe  
  51  4:37  Pylon  
  50  4:40  Probe  
  51  4:49  Probe  
  51  4:51  Pylon  
  51  4:52  Stargate  
  52  4:54  Void Ray (Chrono Boost)  
  52  4:59  Pylon  
  56  5:03  Probe x2  
  58  5:08  Pylon  
  58  5:14  Adept x3  
  64  5:34  Void Ray (Chrono Boost)  
  68  5:39  Void Ray (Chrono Boost)  
  68  5:42  Nexus  
  72  5:43  Pylon  
  72  5:47  Fleet Beacon  
  72  5:48  Probe x2  
  74  5:57  Pylon  
  74  5:58  Void Ray  
  74  6:00  Probe x2  
  80  6:06  Zealot, Shield Battery  
  80  6:09  Void Ray  
  86  6:20  Probe x2  
  86  6:25  Unknown  
  88  6:32  Assimilator  
  88  6:36  Assimilator  
  88  6:38  Stargate  
  88  6:46  Probe x2  
  84  6:47  Void Ray (Chrono Boost)  
  84  6:53  Pylon  
  88  6:56  Pylon, Probe  
  88  6:58  Probe  
  88  6:59  Zealot x3  
  96  7:02  Void Ray (Chrono Boost)  
  96  7:04  Probe  
  96  7:08  Probe  
  98  7:09  Pylon  
  98  7:15  Probe  
  103  7:17  Protoss Air Weapons Level 1  
  103  7:21  Shield Battery  
  103  7:22  Shield Battery  
  103  7:23  Shield Battery  
  103  7:26  Zealot, Void Ray (Chrono Boost)  
  101  7:32  Shield Battery x2  
  101  7:33  Void Ray (Chrono Boost)  
  113  7:47  Shield Battery  
  113  7:50  Shield Battery  
  113  7:56  Probe x2  
  113  7:57  Probe  
  116  8:03  Zealot  
  122  8:08  Probe  
  123  8:21  Carrier x3  
  123  8:26  Zealot x3  
  135  8:32  Probe x2  
  127  8:44  Nexus  
  127  8:49  Robotics Facility  
  127  9:10  Stargate  
  127  9:18  Pylon  
  127  9:19  Void Ray (Chrono Boost)  
  127  9:20  Pylon  
  127  9:21  Protoss Air Weapons Level 2 (Chrono Boost), Pylon  
  131  9:32  Void Ray (Chrono Boost)  
  131  9:37  Zealot x3  
  136  9:44  Void Ray (Chrono Boost)  
  140  9:55  Probe x2  
  140  9:57  Zealot  
  140  9:58  Zealot x2  
  146  10:04  Probe  
  135  10:07  Probe  
  135  10:12  Carrier (Chrono Boost)  
  135  10:13  Carrier (Chrono Boost)  
  135  10:14  Probe  
  145  10:35  Pylon  
  157  10:36  Pylon  
  157  10:42  Observer, Carrier x2 (Chrono Boost)  
  158  10:54  Pylon  
  154  11:05  Probe (Chrono Boost)  
  154  11:07  Probe x2 (Chrono Boost)  
  161  11:20  Pylon  
  161  11:23  Nexus  
  161  11:24  Pylon  
  161  11:26  Probe (Chrono Boost), Pylon  
  162  11:36  Probe  
  162  11:37  Nexus  

Tags
 
Add a new tag
Caveats
  • Supply blocks, unpowered buildings, or Contaminate may cause inaccurate times.
  • Supply counts are checked every 10 seconds.